 Dungeon Sprint DCSS version 0.28-a0-1286-g6bde065e89 (webtiles) character file.

Game seed: 14246708025368067287

465704 mhtbhm the Conqueror (level 20, -1/216 HPs)
             Began as a Minotaur Fighter on Dec 26, 2021.
             Was the Champion of the Shining One.
             Slain by Cerebov (21 damage)
             ... in the Dungeon (Sprint IX: "|||||||||||||||||||||||||||||").
             The game lasted 00:36:32 (20818 turns).

mhtbhm the Conqueror (Minotaur Fighter)            Turns: 20818, Time: 00:36:32

Health: -1/216     AC: 37    Str: 25 (26) XL:     20   Next: 26%
Magic:  24/36      EV: 22    Int:  5      God:    the Shining One [******]
Gold:   500        SH: 50    Dex: 15 (17) Spells: 22/22 levels left

rFire   . . .      SeeInvis +   y - +9 trishula (holy)
rCold   + . .      Faith    .   c - +3 tower shield of Junu {rPois rCorr Dex+2}
rNeg    + + +      Spirit   .   b - +5 shadow dragon scales
rPois   +          Reflect  +   g - +0 hat
rElec   +          Harm     .   m - +1 cloak
rCorr   +          Rampage  ∞   A - +0 pair of fencer's gloves {Riposte Dex+3}
Will    +....      NoTele   +   k - +3 pair of seven-league boots {Rampage+∞}
Stlth   ++++......              P - amulet of Ziocoas {Reflect rF+ SH+5}
HPRegen 0.46/turn               x - ring of protection from cold
MPRegen 0.25/turn               N - ring "Houcket" {rElec rN+ SInv}

@: divinely shielded, fire vulnerable, glowing
A: horns 2, retaliatory headbutt, deterioration 1, weak 1, no potion heal 1
}: 9/17 runes: decaying, serpentine, barnacled, slimy, elven, silver, golden,
abyssal, gossamer
a: Renounce Religion, Divine Shield, Cleansing Flame, Summon Divine Warrior


You were in the Dungeon.
You worshipped the Shining One.
The Shining One was exalted by your worship.
You visited 1 branch You collected 2873 gold pieces.
You spent 2373 gold pieces at shops.

Inventory:

Hand Weapons
 a - a +2 trident of freezing
 y - a +9 trishula of holy wrath (weapon)
 B - the +10 zealot's sword {holy, *Rage rN+ EV+3}
   (You found it in the Dungeon)

   It has been blessed by the Shining One to cause great damage to the undead
   and demons.
   Whenever the wielder enters a berserk rage, their allies are berserked
   alongside them.
   EV:        It affects your evasion (+3).
   rN:        It protects you from negative energy.
   *Rage:     It berserks you when you make melee attacks (+20% chance).
 Q - the +8 glaive of the Guard {elec, spectral, AC+5}
   (You found it in the Dungeon)

   It occasionally discharges a powerful burst of electricity upon striking a
   foe.
   When it strikes, its spirit leaps out and fights alongside the wielder.
   AC:        It affects your AC (+5).
Missiles
 n - 7 silver javelins (quivered)
 q - 4 curare-tipped darts
 s - 5 throwing nets
 v - 6 javelins
Armour
 b - +5 shadow dragon scales (worn)
 c - the +3 tower shield of Junu (worn) {rPois rCorr Dex+2}
   (You found it in the Dungeon)

   Dex:       It affects your dexterity (+2).
   rPois:     It protects you from poison.
   rCorr:     It protects you from acid and corrosion.
 g - a +0 hat (worn)
 k - the +3 pair of seven-league boots (worn) {Rampage+∞}
   (You acquired it in the Dungeon)

   Its wearer moves as far as possible in that direction when moving towards
   enemies.
 m - a +1 cloak (worn)
 A - the +0 pair of fencer's gloves (worn) {Riposte Dex+3}
   (You found it in the Dungeon)

   It allows the wearer to riposte with melee weapons, swiftly retaliating
   against missed attacks.
   Dex:       It affects your dexterity (+3).
 R - the +0 pair of boots of the Evening {Rampage rPois rC++ Str-3}
   (You found it in the Dungeon)

   Str:       It affects your strength (-3).
   rC:        It greatly protects you from cold.
   rPois:     It protects you from poison.
   Rampage:   It bestows one free step when moving towards enemies.
Jewellery
 f - a +6 ring of strength
 u - a ring of willpower
 w - a +2 ring of slaying
 x - a ring of protection from cold (left hand)
 L - the ring of Maujab {*Corrode +Blink Fly Str+3 Dex+3}
   (You found it in the Dungeon)

   [ring of dexterity]

   Str:       It affects your strength (+3).
   Dex:       It affects your dexterity (+3).
   Fly:       It grants you flight.
   +Blink:    It lets you blink.
   *Corrode:  It may corrode you when you take damage.
 M - the amulet of Ihoint {-Tele +Inv Will+ Regen+}
   (You found it in the Dungeon)

   [amulet of regeneration]

   +Inv:      It lets you turn invisible.
   -Tele:     It prevents most forms of teleportation.
   Regen:     It increases your rate of health regeneration.
   Will:      It increases your willpower.
 N - the ring "Houcket" (right hand) {rElec rN+ SInv}
   (You found it in the Dungeon)

   [ring of see invisible]

   rElec:     It insulates you from electricity.
   rN:        It protects you from negative energy.
   SInv:      It lets you see invisible.
 P - the amulet of Ziocoas (around neck) {Reflect rF+ SH+5}
   (You found it in the Dungeon)

   [amulet of reflection]

   It reflects blocked missile attacks.
   rF:        It protects you from fire.
   SH:        It affects your SH (+5).
Wands
 t - a wand of iceblast (6)
Scrolls
 d - 8 scrolls of enchant weapon
 i - 4 scrolls of amnesia
 j - 2 scrolls of blinking
 p - 9 scrolls of enchant armour
 F - 3 scrolls of fear
 T - 2 scrolls of fog
Potions
 e - 2 potions of attraction
 h - 8 potions of magic
 l - a potion of brilliance
 C - 5 potions of heal wounds
 D - 2 potions of might
 E - 3 potions of berserk rage
 J - a potion of curing
 K - a potion of cancellation {unknown}
 S - 2 potions of mutation
 U - 5 potions of haste
Miscellaneous
 G - a phantom mirror (inert)


   Skills:
 O Level 27 Fighting
 + Level 3.0(3.5) Short Blades
 + Level 2.9(3.6) Long Blades
 + Level 3.0(18.3) Axes
 + Level 2.9(4.1) Maces & Flails
 O Level 27 Polearms
 + Level 2.9(18.3) Staves
 + Level 2.5(19.6) Slings
 + Level 3.0 Bows
 + Level 2.9 Crossbows
 O Level 27 Throwing
 O Level 27 Armour
 O Level 27 Dodging
 O Level 27 Stealth
 O Level 27 Shields
 + Level 2.9 Unarmed Combat
 + Level 1.7 Spellcasting
 + Level 2.0 Conjurations
 + Level 1.7 Hexes
 + Level 2.0 Summonings
 + Level 1.9 Necromancy
 + Level 1.9 Translocations
 + Level 2.2 Transmutations
 + Level 2.0 Fire Magic
 + Level 2.0 Ice Magic
 + Level 2.0 Air Magic
 + Level 2.1 Earth Magic
 + Level 1.9 Poison Magic
 O Level 27 Invocations
 O Level 27 Evocations


You had 22 spell levels left.
You didn't know any spells.
Your spell library was empty.

Dungeon Overview and Level Annotations

Branches:
Dungeon (1/1)

Altars:
Cheibriados
Dithmenos
Elyvilon
Fedhas
Gozag
Hepliaklqana
Kikubaaqudgha
Makhleb
Nemelex Xobeh
Okawaru
Qazlal
Ru
Sif Muna
Trog
Uskayaw
Vehumet
Wu Jian
Xom
Yredelemnul
Zin
The Shining One
Beogh
Jiyva
Lugonu

Shops:
D *?((

Annotations:
D Cerebov, Ereshkigal, Mnoleg


Innate Abilities, Weirdness & Mutations

You have a pair of horns on your head.
You reflexively headbutt those who attack you in melee.
Your body sometimes deteriorates upon taking damage.
You are weak. (Str -2)
Potions are less effective at restoring your health.


Message History

Mnoleg calls on the powers of chaos!
The balrug seems to grow stronger.
The shining eye suddenly seems more resistant.
Cerebov suddenly seems more agile.
Something moans, "Get thee gone, thou quaking ruttish strumpet!"
Ereshkigal misses Ereshkigal.
Ereshkigal closely misses Ereshkigal.
You block Cerebov's attack.
Unknown command.
Unknown command.
Activating: Cleansing Flame (0% risk of failure)
Press: ? - help, Dir - look around, f - activate The golden flame engulfs you but does no damage.
You resist.
The golden flame engulfs Cerebov but does no damage.
Cerebov is lightly wounded.
The golden flame engulfs the balrug!!!!
The balrug writhes in agony!
You kill the balrug!
The balrug disappears in a puff of smoke!
You are engulfed in blazing flames.
Ereshkigal shouts, "Thy heart shall be my supper!"
Ereshkigal hits Ereshkigal!
Ereshkigal completely misses Ereshkigal.
Something moans, "Succumb, thou feeble tickle-brained fustilarian!"
Ereshkigal completely misses Ereshkigal.
Cerebov hits you with the +6 sword of Cerebov {flame}!!
Your body deteriorates!
You feel clumsy. Cerebov burns you.
Unknown command.
Unknown command.
Your shield is strengthened by the Shining One's divine power.
You are engulfed in blazing flames.
* * * LOW HITPOINT WARNING * * *
Something moans, "I will feast on thy viscera!"
Ereshkigal hits Ereshkigal!!
Something moans, "Accept thy fall, thou ducking fat-kidneyed wastrel!"
Ereshkigal hits Ereshkigal!
Cerebov hits you with the +6 sword of Cerebov {flame}!!!
* * * LOW HITPOINT WARNING * * *
Cerebov burns you!!
You die...

.)))).).)...).'..................
▓▓▓▓▓▓▓▓▓▓▓▓▓▓▓▓▓▓▓▓▓▓▓▓▓▓▓▓▓▓▓▓▓
.................................
▓▓▓▓▓▓▓▓▓▓▓▓▓▓▓▓▓▓▓▓▓▓▓▓▓▓▓▓▓▓▓▓▓
.'.........'.........'.).).......
▓▓▓▓▓▓▓▓▓▓▓▓▓▓▓▓▓▓▓▓▓▓▓▓▓▓▓▓▓▓▓▓▓
.................................
▓▓▓▓▓▓▓▓▓▓▓▓▓▓▓▓▓▓▓▓▓▓▓▓▓▓▓▓▓▓▓▓▓
..............°°@&φG&φ&&,,,,,,,,,
▓▓▓▓▓▓▓▓▓▓▓▓▓▓▓▓▓▓▓▓▓▓▓▓*********


You could see Cerebov (fast, agile, resistant), Ereshkigal (fast, resistant,
ally target), Mnoleg, a shining eye (summoned, resistant) and the friendly
Ereshkigal (summoned, drained).

Vanquished Creatures
  the Royal Jelly (D)
  4 orbs of fire (D)
  Mennas (D)
  6 ancient liches (D)
  6 royal mummies (D)
  Geryon (D)
  Xtahua (D)
  A curse toe (D)
  Saint Roka (D)
  A Killer Klown (D)
  2 golden dragons (D)
  Nikola (D)
  A bone dragon (D)
  Jory (D)
  2 electric golems (D)
  2 tentacled monstrosities (D)
  28 Orb Guardians (D)
  4 liches (D)
  A quicksilver dragon (D)
  2 titans (D)
  2 deep elf blademasters (D)
  3 deep elf master archers (D)
  10 acid blobs (D)
  2 death cobs (D)
  12 sphinxes (D)
  2 tengu reavers (D)
  6 shadow dragons (D)
  6 rockslimes (D)
  5 storm dragons (D)
  Agnes (D)
  7 azure jellies (D)
  A draconian monk (D)
  4 fire giants (D)
  2 nagarajas (D)
  2 draconian knights (D)
  Ilsuiw (D)
  4 ghost moths (D)
  2 deep elf sorcerers (D)
  3 emperor scorpions (D)
  2 draconian scorchers (D)
  A vault warden (D)
  4 frost giants (D)
  A draconian stormcaller (D)
  3 ironbound preservers (D)
  An angel (D)
  3 quicksilver oozes (D)
  2 very ugly things (D)
  5 stone giants (D)
  A draconian annihilator (D)
  An eleionoma (D)
  9 vampire knights (D)
  A deep elf demonologist (D)
  Azrael (D)
  2 green draconians (D)
  2 black draconians (D)
  A dire elephant (D)
  4 red draconians (D)
  7 yellow draconians (D)
  4 deep elf annihilators (D)
  3 purple draconians (D)
  3 white draconians (D)
  2 mummy priests (D)
  4 merfolk javelineers (D)
  3 merfolk impalers (D)
  A deep elf death mage (D)
  4 fire dragons (D)
  Snorg (D)
  4 ettins (D)
  A yaktaur captain (D)
  3 ice dragons (D)
  2 deep elf high priests (D)
  2 naga warriors (D)
  Erolcha (D)
  4 hydras (D)
  A spriggan air mage (D)
  Harold (D)
  2 ironbound frosthearts (D)
  2 boulder beetles (D)
  25 vault guards (D)
  Erica (D)
  A merfolk avatar (D)
  2 ogre magi (D)
  A ghost crab (D)
  An anaconda (D)
  An alligator snapping turtle (D)
  A satyr (D)
  A two-headed ogre (shapeshifter) (D)
  2 merfolk aquamancers (D)
  A deep troll earth mage (D)
  8 orc high priests (D)
  A vampire mage (D)
  An alligator (D)
  7 hell knights (D)
  3 spriggan berserkers (D)
  2 tengu warriors (D)
  A shock serpent (D)
  Urug (D)
  Nergalle (D)
  A sea snake (D)
  2 flayed ghosts (D)
  A spriggan druid (D)
  2 steelbarb worms (D)
  4 swamp dragons (D)
  2 starcursed masses (D)
  3 wizards (D)
  8 orc knights (D)
  2 necromancers (D)
  3 ironbound convokers (D)
  A phantasmal warrior (D)
  A lindwurm (D)
  A mana viper (D)
  A will-o-the-wisp (D)
  A wolf spider (D)
  2 orc sorcerers (D)
  A manticore (D)
  2 ugly things (D)
  10 moths of wrath (D)
  An elephant (D)
  4 black mambas (D)
  2 guardian serpents (D)
  2 naga magi (D)
  3 cane toads (D)
  4 demonic crawlers (D)
  An unseen horror (D)
  Psyche (D)
  A freezing wraith (D)
  A hellwing (D)
  A tengu conjurer (D)
  A yaktaur (D)
  2 komodo dragons (D)
  20 guardian mummies (D)
  A wandering mushroom (D)
  A troll (D)
  2 meliai (D)
  A polar bear (D)
  A tarantella (D)
  4 merfolk (D)
  A slime creature (D)
  3 blink frogs (D)
  A snapping turtle (D)
  12 spriggans (D)
  2 water elementals (D)
  2 jumping spiders (D)
  A wraith (D)
  A yak (D)
  A fire bat (D)
  A wyvern (D)
  A fire elemental (D)
  A golden eye (D)
  A small abomination (D)
  A basilisk (D)
  A neqoxec (D)
  4 vampire mosquitoes (D)
  A naga (D)
  3 water moccasins (D)
  2 acid dragons (D)
  4 hell hounds (D)
  8 orc warriors (D)
  4 swamp drakes (D)
  2 black bears (D)
  2 large abominations (D)
  An ogre (D)
  A centaur (D)
  A phantom (D)
  5 bullfrogs (D)
  2 orc priests (D)
  A quasit (D)
  6 orc wizards (D)
  An adder zombie (D)
  A dart slug (D)
  5 orcs (D)
  A giant cockroach (D)
  2 goblins (D)
  2 quokkas (D)
  2 quokka skeletons (D)
496 creatures vanquished.

Vanquished Creatures (collateral kills)
  Mara (D)
  Margery (D)
  A Killer Klown (D)
  Frances (D)
  2 nagarajas (D)
  A draconian scorcher (D)
  2 vault wardens (D)
  A draconian shifter (D)
  A green draconian (D)
  A hydra (D)
  A centaur warrior (D)
  An ogre mage (D)
  A death knight (D)
  Sonja (D)
  A hell knight (D)
  An ironbound convoker (D)
  An ugly thing (D)
  2 vault sentinels (D)
  A guardian serpent (D)
  2 naga magi (D)
  A troll (D)
  2 slime creatures (D)
  A naga (D)
  3 orc warriors (D)
  2 orcs (D)
33 creatures vanquished.

Vanquished Creatures (others)
  A hydra (D)
  2 goliath frogs (D)
  A guardian serpent (D)
  A hornet (D)
  A swamp drake (D)
  A foxfire (D)
7 creatures vanquished.

Grand Total: 536 creatures vanquished

Notes
Turn   | Place    | Note
-------+----------+-------------------------------------------
     0 | D        | mhtbhm the Minotaur Fighter began the quest for the Orb.
     0 | D        | Reached XP level 1. HP: 19/19 MP: 0/0
    22 | D        | Reached XP level 2. HP: 21/28 MP: 1/1
    97 | D        | Noticed an ogre
    97 | D        | Noticed a phantom
   100 | D        | Killed an ogre
   101 | D        | Reached XP level 3. HP: 38/38 MP: 2/2
   101 | D        | Reached XP level 4. HP: 45/45 MP: 3/3
   107 | D        | Killed a phantom
   108 | D        | Reached XP level 5. HP: 53/53 MP: 4/4
   157 | D        | Found a snail-covered altar of Cheibriados.
   157 | D        | Found a shadowy altar of Dithmenos.
   157 | D        | Found a white marble altar of Elyvilon.
   157 | D        | Found a blossoming altar of Fedhas.
   157 | D        | Found an opulent altar of Gozag.
   158 | D        | Found a hazy altar of Hepliaklqana.
   159 | D        | Found a viscous altar of Jiyva.
   160 | D        | Found an ancient bone altar of Kikubaaqudgha.
   161 | D        | Found a corrupted altar of Lugonu.
   162 | D        | Found a burning altar of Makhleb.
   163 | D        | Found a sparkling altar of Nemelex Xobeh.
   164 | D        | Found an iron altar of Okawaru.
   165 | D        | Found a stormy altar of Qazlal.
   166 | D        | Found a sacrificial altar of Ru.
   167 | D        | Found a shimmering blue altar of Sif Muna.
   168 | D        | Found a bloodstained altar of Trog.
   169 | D        | Found a hide-covered altar of Uskayaw.
   170 | D        | Found a radiant altar of Vehumet.
   171 | D        | Found an ornate altar of the Wu Jian Council.
   172 | D        | Found a shimmering altar of Xom.
   193 | D        | Found a basalt altar of Yredelemnul.
   194 | D        | Found a glowing silver altar of Zin.
   195 | D        | Found a glowing golden altar of the Shining One.
   203 | D        | Became a worshipper of the Shining One
   249 | D        | Noticed an acid dragon
   249 | D        | Noticed a centaur
   249 | D        | Reached * piety under the Shining One
   249 | D        | Noticed a yak
   249 | D        | Noticed an unseen horror
   254 | D        | Killed an unseen horror
   255 | D        | Reached skill level 10 in Armour
   255 | D        | Reached XP level 6. HP: 21/66 MP: 5/5
   469 | D        | Killed an acid dragon
   470 | D        | Reached skill level 10 in Fighting
   470 | D        | Reached skill level 10 in Shields
   470 | D        | Reached XP level 7. HP: 63/72 MP: 6/6
   488 | D        | Killed a yak
   544 | D        | Noticed a vampire mosquito
   544 | D        | Reached ** piety under the Shining One
   544 | D        | Noticed a brown ugly thing
   544 | D        | Noticed a wraith
   544 | D        | Noticed a tengu warrior
   544 | D        | Reached *** piety under the Shining One
   544 | D        | Noticed a troll
   544 | D        | Noticed a brown ugly thing
   547 | D        | Killed a vampire mosquito
   550 | D        | Killed a brown ugly thing
   551 | D        | Reached XP level 8. HP: 50/82 MP: 7/7
   553 | D        | Reached **** piety under the Shining One
   564 | D        | Killed a tengu warrior
   565 | D        | Reached skill level 10 in Polearms
   565 | D        | Reached skill level 1 in Dodging
   565 | D        | Reached skill level 1 in Evocations
   565 | D        | Reached XP level 9. HP: 41/91 MP: 8/8
   565 | D        | Killed a troll
   570 | D        | Killed a brown ugly thing
   571 | D        | Reached skill level 15 in Armour
   878 | D        | Noticed a cane toad
   885 | D        | Noticed a komodo dragon
   898 | D        | Noticed a komodo dragon
   898 | D        | Reached ***** piety under the Shining One
   906 | D        | Killed a cane toad
   917 | D        | Killed a komodo dragon
   918 | D        | Reached skill level 1 in Invocations
   923 | D        | Killed a komodo dragon
   929 | D        | Reached XP level 10. HP: 17/102 MP: 8/10
  1248 | D        | Noticed a cane toad
  1248 | D        | Noticed an elephant
  1256 | D        | Killed a cane toad
  1260 | D        | Noticed a black mamba
  1274 | D        | Killed an elephant
  1291 | D        | Killed a black mamba
  1489 | D        | Noticed a cane toad
  1489 | D        | Reached ****** piety under the Shining One
  1493 | D        | Reached skill level 15 in Polearms
  1493 | D        | Reached skill level 5 in Invocations
  1504 | D        | Killed a cane toad
  1679 | D        | Noticed Erolcha
  1689 | D        | Killed Erolcha
  1690 | D        | Reached skill level 15 in Fighting
  1697 | D        | Noticed Erica
  1710 | D        | Killed Erica
  1711 | D        | Reached XP level 11. HP: 76/112 MP: 13/15
  1879 | D        | Noticed a stone giant
  1910 | D        | Killed a stone giant
  2170 | D        | Noticed an orc sorcerer
  2170 | D        | Noticed an orc knight
  2175 | D        | Noticed an orc knight
  2175 | D        | Killed an orc sorcerer
  2187 | D        | Killed an orc knight
  2192 | D        | Noticed an orc sorcerer
  2195 | D        | Killed an orc knight
  2205 | D        | Noticed a sun demon
  2217 | D        | Noticed a sixfirhy
  2221 | D        | Killed an orc sorcerer
  2579 | D        | Found Hamerrese's General Store.
  2579 | D        | Noticed an orc knight
  2579 | D        | Noticed an orc high priest
  2579 | D        | Noticed an orc high priest
  2579 | D        | Noticed an orc high priest
  2579 | D        | Noticed an orc knight
  2580 | D        | Noticed an orc high priest
  2589 | D        | Noticed an orc knight
  2591 | D        | Killed an orc knight
  2592 | D        | Noticed an orc high priest
  2600 | D        | Killed an orc high priest
  2601 | D        | Found Geleg's Magic Scroll Shoppe.
  2601 | D        | Noticed an orc high priest
  2604 | D        | Killed an orc high priest
  2609 | D        | Noticed a sixfirhy
  2613 | D        | Noticed a sixfirhy
  2651 | D        | Killed an orc high priest
  2654 | D        | Noticed a sixfirhy
  3038 | D        | Killed an orc knight
  3039 | D        | Reached skill level 15 in Shields
  3174 | D        | Killed an orc high priest
  3205 | D        | Killed an orc high priest
  3231 | D        | Killed an orc knight
  3232 | D        | Reached XP level 12. HP: 86/125 MP: 18/18
  3406 | D        | Killed an orc high priest
  3407 | D        | Reached skill level 5 in Dodging
  3557 | D        | Found Dohai's Antique Weapon Emporium.
  3561 | D        | Found Joegen's Weapon Shoppe.
  3565 | D        | Noticed an orc high priest
  3567 | D        | Noticed an orc high priest
  3584 | D        | Reached skill level 10 in Invocations
  3612 | D        | Killed an orc high priest
  4309 | D        | Killed an orc high priest
  4347 | D        | Bought a scroll of acquirement for 520 gold pieces
  4347 | D        | Bought a scroll of acquirement for 520 gold pieces
  4349 | D        | Bought a scroll of acquirement for 676 gold pieces
  4349 | D        | Bought a scroll of enchant armour for 97 gold pieces
  4351 | D        | Bought a scroll of identify for 20 gold pieces
  4351 | D        | Acquired the +3 pair of seven-league boots {Rampage+∞}
  4351 | D        | Found the +3 pair of seven-league boots {Rampage+∞}
  4367 | D        | Acquired 930 gold pieces
  4382 | D        | Bought a +4 plate armour of cold resistance for 500 gold
                  | pieces
  4389 | D        | Acquired a manual of Fighting
  4403 | D        | Bought a +0 hat for 40 gold pieces
  4441 | D        | Noticed Sonja
  4460 | D        | Killed Sonja
  4697 | D        | Noticed Urug
  4698 | D        | Noticed Harold
  4698 | D        | Noticed Psyche
  4705 | D        | Killed Urug
  4715 | D        | Killed Harold
  4717 | D        | Killed Psyche
  4870 | D        | Found the +0 pair of fencer's gloves {Riposte Dex+3}
  4974 | D        | Noticed a boulder beetle
  4974 | D        | Noticed a centaur warrior
  4974 | D        | Noticed an ogre mage
  4974 | D        | Noticed a seven-headed hydra
  4977 | D        | Noticed a death knight
  4992 | D        | Killed a boulder beetle
  4994 | D        | Killed a centaur warrior
  4998 | D        | Killed an ogre mage
  5000 | D        | Noticed an ogre mage
  5006 | D        | Noticed a tengu warrior
  5006 | D        | Killed a seven-headed hydra
  5008 | D        | Noticed a vampire knight
  5022 | D        | Killed a death knight
  5026 | D        | Killed an ogre mage
  5033 | D        | Killed a tengu warrior
  5042 | D        | Noticed a spriggan air mage
  5045 | D        | Killed a vampire knight
  5066 | D        | Killed a spriggan air mage
  5076 | D        | Reached XP level 13. HP: 50/139 MP: 4/22
  5390 | D        | Noticed Frances
  5391 | D        | Noticed Saint Roka
  5402 | D        | Killed Frances
  5403 | D        | Reached skill level 15 in Invocations
  5429 | D        | Killed Saint Roka
  5708 | D        | Noticed Snorg
  5716 | D        | Killed Snorg
  5720 | D        | Noticed Agnes
  5729 | D        | Killed Agnes
  7896 | D        | Noticed an eleionoma
  7901 | D        | Killed an eleionoma
  8153 | D        | Noticed Azrael
  8158 | D        | Noticed Nergalle
  8160 | D        | Reached XP level 14. HP: 157/157 MP: 26/26
  8176 | D        | Killed Azrael
  8182 | D        | Killed Nergalle
  8321 | D        | Noticed a fire giant
  8321 | D        | Noticed a stone giant
  8321 | D        | Noticed a stone giant
  8328 | D        | Killed a fire giant
  8333 | D        | Noticed a frost giant
  8343 | D        | Killed a stone giant
  8449 | D        | Noticed a ghost moth
  8462 | D        | Killed a ghost moth
  8491 | D        | Killed a stone giant
  8829 | D        | Killed a frost giant
  9285 | D        | Noticed a brown very ugly thing
  9286 | D        | Noticed a stone giant
  9295 | D        | Killed a brown very ugly thing
  9295 | D        | Noticed a vampire knight
  9300 | D        | Noticed a fire giant
  9305 | D        | Killed a stone giant
  9306 | D        | Noticed a red very ugly thing
  9312 | D        | Killed a vampire knight
  9353 | D        | Killed a fire giant
  9364 | D        | Killed a red very ugly thing
  9652 | D        | Noticed an ironbound preserver
  9666 | D        | Killed an ironbound preserver
  9685 | D        | Noticed a vault warden
 10332 | D        | Noticed a vault warden
 10342 | D        | Killed a vault warden
 10361 | D        | Killed a vault warden
 10369 | D        | Noticed an ironbound preserver
 10389 | D        | Killed an ironbound preserver
 10476 | D        | Noticed Mennas
 10477 | D        | Noticed Mara
 10493 | D        | Noticed mhtbhm's illusion
 10536 | D        | Noticed mhtbhm's illusion
 10573 | D        | Killed Mennas
 10574 | D        | Reached XP level 15. HP: 58/171 MP: 19/28
 10646 | D        | Noticed mhtbhm's illusion
 10655 | D        | Noticed mhtbhm's illusion
 10665 | D        | The Shining One protects you from harm!
 10667 | D        | Killed Mara
 11200 | D        | Found the +10 zealot's sword {holy, *Rage rN+ EV+3}
 11396 | D        | Noticed Jory
 11415 | D        | Killed Jory
 11630 | D        | Noticed Xtahua
 11636 | D        | Killed Xtahua
 11712 | D        | Noticed a nagaraja
 11712 | D        | Noticed a nagaraja
 11732 | D        | Killed a nagaraja
 11735 | D        | Killed a nagaraja
 11747 | D        | Noticed a nagaraja
 11753 | D        | Killed a nagaraja
 11758 | D        | Noticed a nagaraja
 11763 | D        | Killed a nagaraja
 12194 | D        | Got a serpentine rune of Zot
 12201 | D        | Noticed a ghost moth
 12201 | D        | Noticed an emperor scorpion
 12201 | D        | Noticed a ghost moth
 12205 | D        | Noticed a ghost moth
 12212 | D        | Killed a ghost moth
 12214 | D        | Noticed an emperor scorpion
 12217 | D        | Noticed an emperor scorpion
 12227 | D        | Killed an emperor scorpion
 12237 | D        | Killed a ghost moth
 12247 | D        | Killed a ghost moth
 12260 | D        | Killed an emperor scorpion
 12268 | D        | Killed an emperor scorpion
 12282 | D        | Got a gossamer rune of Zot
 12393 | D        | Noticed Ilsuiw
 12422 | D        | Killed Ilsuiw
 12490 | D        | Reached skill level 27 in Fighting
 12499 | D        | Got a barnacled rune of Zot
 12744 | D        | Got a decaying rune of Zot
 13051 | D        | Noticed Margery
 13064 | D        | Killed Margery
 13065 | D        | Reached XP level 16. HP: 173/183 MP: 16/31
 13206 | D        | Reached skill level 27 in Shields
 13284 | D        | Reached skill level 27 in Polearms
 13353 | D        | Identified a +7 trishula of holy wrath (a +5 demon trident
                  | of draining blessed by the Shining One)
 13353 | D        | Received a gift from the Shining One
 13364 | D        | Noticed a tengu reaver
 13367 | D        | Noticed a tengu reaver
 13374 | D        | Killed a tengu reaver
 13387 | D        | Reached skill level 27 in Invocations
 13392 | D        | Killed a tengu reaver
 13436 | D        | Noticed a shadow dragon
 13448 | D        | Killed a shadow dragon
 13455 | D        | Noticed a shadow dragon
 13477 | D        | Killed a shadow dragon
 13478 | D        | Reached skill level 27 in Armour
 13487 | D        | Reached skill level 10 in Dodging
 13495 | D        | Noticed a lich
 13498 | D        | Killed a lich
 13541 | D        | Noticed a shadow dragon
 13541 | D        | Noticed a lich
 13541 | D        | Noticed a titan
 13541 | D        | Noticed a shadow dragon
 13545 | D        | Noticed a titan
 13561 | D        | Killed a shadow dragon
 13563 | D        | Killed a lich
 13564 | D        | Noticed a tentacled monstrosity
 13566 | D        | Killed a titan
 13567 | D        | Noticed a shadow dragon
 13573 | D        | Killed a shadow dragon
 13574 | D        | Reached skill level 15 in Dodging
 13574 | D        | Found the +8 storm bow {elec, penet}
 13577 | D        | Killed a titan
 13583 | D        | Killed a tentacled monstrosity
 13586 | D        | Killed a shadow dragon
 13588 | D        | Identified the +3 trident "Kaddy" {flame, rElec rN++ rCorr
                  | Str+2}
 13592 | D        | Got a silver rune of Zot
 13784 | D        | Noticed Nikola
 13790 | D        | Killed Nikola
 13838 | D        | Got the ring of Maujab {*Corrode +Blink Fly Str+3 Dex+3}
 13840 | D        | Got the amulet of Ihoint {-Tele +Inv Will+ Regen+}
 13842 | D        | Got the ring "Houcket" {rElec rN+ SInv}
 13843 | D        | Found the +8 glaive of the Guard {elec, spectral, AC+5}
 13844 | D        | Got the ring of Xom's Sleight of Hands {Wiz Will+ Stlth+}
 13846 | D        | Got the amulet of Ziocoas {Reflect rF+ SH+5}
 13881 | D        | Got the +3 tower shield of Junu {rPois rCorr Dex+2}
 13890 | D        | Got the +0 pair of boots of the Evening {Rampage rPois rC++
                  | Str-3}
 14052 | D        | Reached skill level 1 in Stealth
 14214 | D        | Reached XP level 17. HP: 97/191 MP: 33/33
 14499 | D        | Noticed a bone dragon
 14499 | D        | Noticed a golden dragon
 14504 | D        | Killed a bone dragon
 14513 | D        | Killed a golden dragon
 14518 | D        | Reached skill level 5 in Stealth
 15327 | D        | Noticed a Killer Klown
 15342 | D        | Reached skill level 27 in Dodging
 15364 | D        | Killed a Killer Klown
 15365 | D        | Reached skill level 10 in Stealth
 15718 | D        | Noticed a golden dragon
 15725 | D        | Killed a golden dragon
 15731 | D        | Noticed a curse toe
 15746 | D        | Reached skill level 5 in Evocations
 15752 | D        | Killed a curse toe
 15753 | D        | Reached skill level 15 in Stealth
 16351 | D        | Noticed an Orb Guardian
 16351 | D        | Noticed an Orb Guardian
 16351 | D        | Noticed an Orb Guardian
 16351 | D        | Noticed an Orb Guardian
 16351 | D        | Noticed an Orb Guardian
 16351 | D        | Noticed an Orb Guardian
 16356 | D        | Killed an Orb Guardian
 16360 | D        | Noticed an Orb Guardian
 16361 | D        | Killed an Orb Guardian
 16367 | D        | Killed an Orb Guardian
 16372 | D        | Killed an Orb Guardian
 16376 | D        | Killed an Orb Guardian
 16380 | D        | Killed an Orb Guardian
 16385 | D        | Killed an Orb Guardian
 16386 | D        | Reached skill level 10 in Evocations
 16408 | D        | Noticed an Orb Guardian
 16409 | D        | Noticed an Orb Guardian
 16409 | D        | Noticed an Orb Guardian
 16414 | D        | Killed an Orb Guardian
 16419 | D        | Killed an Orb Guardian
 16420 | D        | Reached XP level 18. HP: 183/200 MP: 34/34
 16426 | D        | Killed an Orb Guardian
 16463 | D        | Noticed an Orb Guardian
 16463 | D        | Noticed an Orb Guardian
 16463 | D        | Noticed a tentacled monstrosity
 16464 | D        | Noticed an Orb Guardian
 16466 | D        | Noticed an Orb Guardian
 16474 | D        | Killed an Orb Guardian
 16475 | D        | Reached skill level 5 in Throwing
 16483 | D        | Killed a tentacled monstrosity
 16487 | D        | Killed an Orb Guardian
 16500 | D        | Killed an Orb Guardian
 16511 | D        | Killed an Orb Guardian
 16512 | D        | Reached skill level 10 in Throwing
 16869 | D        | Noticed an ancient lich
 16870 | D        | Killed an ancient lich
 16873 | D        | Noticed an orb of fire
 16877 | D        | Gained mutation: You are weak. (Str -2) [an orb of fire]
 17259 | D        | Gained mutation: Your body sometimes deteriorates upon
                  | taking damage. [an orb of fire]
 17265 | D        | Killed an orb of fire
 17312 | D        | Noticed an electric golem
 17321 | D        | Killed an electric golem
 17446 | D        | Noticed an ancient lich
 17446 | D        | Noticed an electric golem
 17446 | D        | Noticed an orb of fire
 17456 | D        | Reached skill level 15 in Throwing
 17456 | D        | Noticed an orb of fire
 17459 | D        | Noticed an orb of fire
 17460 | D        | Killed an ancient lich
 17463 | D        | Noticed an ancient lich
 17464 | D        | Noticed an Orb Guardian
 17464 | D        | Gained mutation: Potions are less effective at restoring
                  | your health. [an orb of fire]
 17466 | D        | Killed an orb of fire
 17467 | D        | Killed an orb of fire
 17467 | D        | Noticed a Killer Klown
 17470 | D        | Killed an orb of fire
 17471 | D        | Noticed an ancient lich
 17471 | D        | Killed an ancient lich
 17474 | D        | Killed an Orb Guardian
 17478 | D        | Killed a Killer Klown
 17484 | D        | Killed an ancient lich
 17485 | D        | Noticed an Orb Guardian
 17507 | D        | Killed an Orb Guardian
 17514 | D        | Killed an electric golem
 17921 | D        | Noticed an Orb Guardian
 17921 | D        | Noticed an Orb Guardian
 17921 | D        | Noticed an Orb Guardian
 17921 | D        | Noticed an Orb Guardian
 17921 | D        | Noticed an Orb Guardian
 17921 | D        | Noticed an Orb Guardian
 17924 | D        | Killed an Orb Guardian
 17930 | D        | Killed an Orb Guardian
 17942 | D        | Killed an Orb Guardian
 17951 | D        | Killed an Orb Guardian
 17955 | D        | Killed an Orb Guardian
 17962 | D        | Killed an Orb Guardian
 18031 | D        | Noticed an Orb Guardian
 18032 | D        | Noticed an Orb Guardian
 18032 | D        | Noticed an Orb Guardian
 18032 | D        | Noticed an Orb Guardian
 18032 | D        | Noticed an Orb Guardian
 18032 | D        | Noticed an Orb Guardian
 18038 | D        | Killed an Orb Guardian
 18040 | D        | Killed an Orb Guardian
 18045 | D        | Killed an Orb Guardian
 18052 | D        | Killed an Orb Guardian
 18060 | D        | Killed an Orb Guardian
 18071 | D        | Killed an Orb Guardian
 18076 | D        | Reached XP level 19. HP: 50/207 MP: 35/35
 18498 | D        | Noticed an ancient lich
 18505 | D        | Killed an ancient lich
 18506 | D        | Reached skill level 27 in Throwing
 18523 | D        | Paralysed by a vampire knight for 7 turns
 19028 | D        | Noticed an ancient lich
 19032 | D        | Killed an ancient lich
 19171 | D        | Reached skill level 15 in Evocations
 19209 | D        | Got an elven rune of Zot
 19236 | D        | Noticed the Royal Jelly
 19242 | D        | Killed the Royal Jelly
 19243 | D        | Reached skill level 27 in Stealth
 19411 | D        | Got a slimy rune of Zot
 19549 | D        | Paralysed by a sphinx for 3 turns
 20302 | D        | Noticed a royal mummy
 20302 | D        | Noticed a royal mummy
 20302 | D        | Noticed a royal mummy
 20302 | D        | Noticed a royal mummy
 20303 | D        | Noticed a royal mummy
 20306 | D        | Killed a royal mummy
 20306 | D        | Killed a royal mummy
 20307 | D        | Reached XP level 20. HP: 95/216 MP: 34/36
 20308 | D        | Killed a royal mummy
 20310 | D        | Noticed a royal mummy
 20314 | D        | Killed a royal mummy
 20316 | D        | Killed a royal mummy
 20317 | D        | Reached skill level 27 in Evocations
 20320 | D        | Killed a royal mummy
 20321 | D        | Reached skill level 1 in Short Blades
 20321 | D        | Reached skill level 1 in Long Blades
 20321 | D        | Reached skill level 1 in Axes
 20321 | D        | Reached skill level 1 in Maces & Flails
 20321 | D        | Reached skill level 1 in Staves
 20321 | D        | Reached skill level 1 in Slings
 20321 | D        | Reached skill level 1 in Bows
 20321 | D        | Reached skill level 1 in Crossbows
 20321 | D        | Reached skill level 1 in Unarmed Combat
 20321 | D        | Reached skill level 1 in Spellcasting
 20321 | D        | Reached skill level 1 in Conjurations
 20321 | D        | Reached skill level 1 in Hexes
 20321 | D        | Reached skill level 1 in Summonings
 20321 | D        | Reached skill level 1 in Necromancy
 20321 | D        | Reached skill level 1 in Translocations
 20321 | D        | Reached skill level 1 in Transmutations
 20321 | D        | Reached skill level 1 in Fire Magic
 20321 | D        | Reached skill level 1 in Ice Magic
 20321 | D        | Reached skill level 1 in Air Magic
 20321 | D        | Reached skill level 1 in Earth Magic
 20321 | D        | Reached skill level 1 in Poison Magic
 20614 | D        | Got a golden rune of Zot
 20656 | D        | Got an abyssal rune of Zot
 20790 | D        | Noticed Geryon
 20802 | D        | Killed Geryon
 20809 | D        | Found the +6 sword of Cerebov {flame}
 20809 | D        | Noticed Cerebov
 20809 | D        | Noticed Mnoleg
 20810 | D        | Noticed Ereshkigal
 20818 | D        | Slain by Cerebov

Illustrated notes

Levels and vault maps discovered:
D:        linesprint [early_d, line_temple, items_1, d_10, items_2, lair_1,
          lair_end, items_3, orc_1, orc_end, items_4, d_15, swamp_1, shoals_1,
          snake_1, spider_1, d_20, vaults_1, items_5, swamp_end, shoals_end,
          snake_end, spider_end, vaults_end, d_27, items_6, zot_1, zot_end,
          crypt_end, forest_end, elf_end, slime_end, tomb_end, abyss_end,
          pan_hell_end]

Skill      XL: |  1  2  3  4  5  6  7  8  9 10 11 12 13 14 15 16 17 18 19 20 |
---------------+-------------------------------------------------------------+-----
Fighting       | 4 6 7 9 10 11 12 13 15 17 20 23 25 27 | 27.0
Armour         | 4 7 8 10 11 13 14 15 16 17 19 20 22 23 27 | 27.0
Shields        | 4 6 7 9 10 11 12 13 15 16 17 21 25 27 | 27.0
Polearms       | 3 4 6 9 10 13 16 18 20 21 23 25 27 | 27.0
Dodging        | 1 2 3 4 5 6 18 27 | 27.0
Evocations     | 1 2 3 10 12 25 27 | 27.0
Invocations    | 2 6 9 14 18 21 24 27 | 27.0
Stealth        | 2 17 19 27 | 27.0
Throwing       | 26 27 | 27.0
Short Blades   | 3 |  3.0
Long Blades    | 2 |  2.9
Axes           | 3 |  3.0
Maces & Flails | 2 |  2.9
Staves         | 2 |  2.9
Slings         | 2 |  2.5
Bows           | 3 |  3.0
Crossbows      | 2 |  2.9
Unarmed Combat | 2 |  2.9
Spellcasting   | 1 |  1.7
Conjurations   | 2 |  2.0
Hexes          | 1 |  1.7
Summonings     | 2 |  2.0
Necromancy     | 1 |  1.9
Translocations | 1 |  1.9
Transmutations | 2 |  2.2
Fire Magic     | 2 |  2.0
Ice Magic      | 2 |  2.0
Air Magic      | 2 |  2.0
Earth Magic    | 2 |  2.1
Poison Magic   | 1 |  1.9

Action                   |  1- 3 |  4- 6 |  7- 9 | 10-12 | 13-15 | 16-18 | 19-21 || total
-------------------------+-------+-------+-------+-------+-------+-------+-------++-------
Melee: Trident           |    20 |    18 |    82 |   490 |   963 |   192 |       ||  1765
       Headbutt          |     5 |     2 |    19 |   119 |   246 |   271 |    70 ||   732
       Trishula          |       |       |       |       |       |   658 |   263 ||   921
Throw: Javelin           |       |       |       |       |       |     9 |    28 ||    37
       Dart              |       |       |       |       |       |     2 |     1 ||     3
Invok: Divine Shield     |       |       |       |     4 |     9 |       |     1 ||    14
       Cleansing Flame   |       |       |       |     5 |     8 |     1 |     3 ||    17
       Summon Divine War |       |       |       |     2 |    10 |     2 |       ||    14
       Brand Weapon With |       |       |       |       |       |     1 |       ||     1
Evoke: Wand              |       |       |     6 |     4 |       |       |       ||    10
       Phantom mirror    |       |       |       |       |       |     1 |     1 ||     2
  Use: Potion            |     1 |       |     3 |    10 |    14 |     4 |       ||    32
       Scroll            |       |       |       |     6 |     3 |     8 |       ||    17
Armor: Scale mail        |     8 |       |       |       |       |       |       ||     8
       Chain mail        |       |     9 |    30 |    65 |       |       |       ||   104
       Plate armour      |       |       |       |    25 |   250 |    40 |       ||   315
       Shadow dragon sca |       |       |       |       |       |    48 |    62 ||   110
Dodge: Dodged            |     6 |     5 |    17 |    49 |   134 |   102 |    36 ||   349
Block: Buckler           |     2 |     2 |    19 |    93 |   211 |       |       ||   327
       Tower shield      |       |       |       |       |   245 |   458 |   132 ||   835
       Reflection        |       |       |       |       |       |       |     5 ||     5
       Rpst.: Trident    |       |       |       |     1 |    26 |       |       ||    27
       Trishula          |       |       |       |       |       |    12 |     4 ||    16

Table legend: (Time is in decaauts) A = Elapsed time spent in this place. B = Non-inter-level travel time spent in this place. C = Inter-level travel time spent in this place. D = Time resting spent in this place. E = Time spent auto-exploring this place. F = Levels seen in this place. G = Mean time per level. A B C D E F G +--------+--------+--------+--------+--------+-----+--------+ Total | 19762 | 19762 | 0 | 12442 | 2392 | 1 | 19762.0 | Dungeon | 19762 | 19762 | 0 | 12442 | 2392 | 1 | 19762.0 | +--------+--------+--------+--------+--------+-----+--------+

Top non-repeatable levels by time:
       D: 19762 daAuts
